 Dungeon Crawl Stone Soup version 0.29.1-2-gbd0b4ee654 (webtiles) character file.

Game seed: 3600990380188007046

2643 sanboga the Grappler (level 9, -3/88 HPs)
             Began as a Troll Berserker on Nov 26, 2022.
             Was an Elder of Trog.
             Slain by an acid dragon (14 damage)
             ... on level 7 of the Dungeon.
             The game lasted 00:12:23 (5511 turns).

sanboga the Grappler (Troll Berserker)              Turns: 5511, Time: 00:12:24

Health: -3/88      AC: -5    Str: 31    XL:     9   Next: 35%
Magic:  8/8        EV: 11    Int:  3    God:    Trog [****..]
Gold:   435        SH:  0    Dex:  9    Spells: 8/8 levels left

rFire   . . .      SeeInvis .     - Unarmed
rCold   + . .      Faith    .   (no shield)
rNeg    + . .      Spirit   .   i - +2 robe {rC+}
rPois   .          Reflect  .   (helmet restricted)
rElec   .          Harm     .   x - +0 cloak {Will+}
rCorr   .          Rampage  .   (gloves unavailable)
Will    +....                   (boots unavailable)
Stlth   ++........              g - amulet of regeneration
HPRegen 1.84/turn               h - ring of positive energy
MPRegen 0.11/turn               (no ring)

@: corroded
A: large, unfitting armour, claws 3, regeneration 1, shaggy fur 1, tough skin 1
a: Renounce Religion, Berserk, Trog's Hand, Brothers in Arms


You were on level 7 of the Dungeon.
You worshipped Trog.
Trog was greatly pleased with you.
You visited 1 branch of the dungeon, and saw 7 of its levels.

You collected 435 gold pieces.

Inventory:

Hand Weapons
 q - a +0 hand axe of flaming
Armour
 i - a +2 robe of cold resistance (worn)
 x - a +0 cloak of willpower (worn)
Jewellery
 g - an amulet of regeneration (around neck)
 h - a ring of positive energy (left claw)
 n - a ring of ice
 y - a ring of fire
Wands
 u - a wand of roots (11)
 z - a wand of mindburst (18)
Scrolls
 b - 2 scrolls of teleportation
 j - a scroll of fog {unknown}
 l - a scroll of torment {unknown}
 m - a scroll of fear
 p - 3 scrolls of identify
 r - a scroll of noise {unknown}
 s - a scroll of summoning
 t - a scroll of magic mapping
 v - a scroll of amnesia {unknown}
 w - a scroll of blinking {unknown}
 A - 2 scrolls of enchant armour {unknown}
 C - a scroll of enchant weapon {unknown}
 D - a scroll of poison {unknown}
Potions
 a - 3 potions of flight {unknown}
 c - a potion of lignification {unknown}
 d - 4 potions of haste {unknown}
 e - 2 potions of degeneration {unknown}
 f - 3 potions of might {unknown}
 k - 5 potions of curing {unknown}
 o - 3 potions of mutation {unknown}
 B - a potion of heal wounds {unknown}


   Skills:
 + Level 5.3 Fighting
 + Level 5.4 Dodging
 + Level 3.3 Stealth
 * Level 8.7 Unarmed Combat


You had 8 spell levels left.
You didn't know any spells.
Your spell library was empty.

Dungeon Overview and Level Annotations

Branches:
Dungeon (7/15)             Temple (0/1) D:5

Altars:
The Shining One

Annotations:
D:6 2 transporters, LustLizard's ghost, amateur TrFi


Innate Abilities, Weirdness & Mutations

You are too large for most types of armour.
You have claws for hands.
Your natural rate of healing is unusually fast.
You are covered in fur. (AC +1)
You have tough skin. (AC +1)


Message History

An acid dragon is nearby!
The acid dragon roars!
You hear a shout! x2
The acid dragon spits acid at you. The splash of acid hits you!!
The acid corrodes you!
You hear a shout!
You hear a shout! x2
The acid dragon completely misses you. The acid dragon claws you.
You closely miss the acid dragon. You scratch the acid dragon.
The acid dragon is lightly wounded.
The acid dragon spits acid at you. The splash of acid hits you!
The acid corrodes you!
You hear a shout!
You hear an angry hiss.
You claw the acid dragon!
The acid dragon is moderately wounded.
The acid dragon closely misses you. x2
You scratch the acid dragon.
The acid dragon is heavily wounded.
The acid dragon bites you! The acid dragon barely misses you.
You claw the acid dragon!
The acid dragon is almost dead.
The acid dragon bites you! The acid dragon claws you.
You completely miss the acid dragon.
The acid dragon is almost dead.
The acid dragon spits acid at you. The splash of acid hits you!
* * * LOW HITPOINT WARNING * * *
The acid corrodes you!
You hear a shout!
You scratch the acid dragon but do no damage.
The acid dragon is almost dead.
The acid dragon bites you.
* * * LOW HITPOINT WARNING * * *
The acid dragon barely misses you.
You scratch the acid dragon but do no damage.
The acid dragon is almost dead.
You closely miss the acid dragon.
The acid dragon is almost dead.
The acid dragon bites you!
You die...

#.# #.# #.# #.# #.#
#.# #.#
#.##################..
#.............@D......
#####################.


You could see an acid dragon.

Vanquished Creatures
  A cyclops (D:7)
  The ghost of Icepheonix32 the Insei, an amateur OpTm of Gozag (D:4)
  Sigmund (D:2)
  Eustachio (D:4)
  2 water moccasins (D:6)
  An ice beast (D:5)
  3 ogres (D:5)
  The ghost of Pug the Conjurer, an amateur GnWn (D:3)
  A phantom (D:6)
  The ghost of Icepheonix32 the Insei, an amateur OpTm (D:4)
  2 scorpions
  A bullfrog (D:6)
  2 necrophages
  A hound (D:5)
  2 jellies
  Crazy Yiuf (D:5)
  3 orc priests (D:6)
  A gnoll bouda (D:6)
  2 iguanas
  Natasha (thrice) (D:4)
  2 orc wizards
  Terence (D:3)
  13 gnolls
  5 adders
  3 shadow imps
  A white imp (D:5)
  An ufetubus (D:5)
  A dart slug (D:2)
  12 orcs
  6 endoplasms
  11 goblins
  5 hobgoblins
  3 jackals (D:1)
  5 quokkas
  10 ball pythons
  10 bats
  8 frilled lizards
  8 kobolds
  2 rats (D:3)
138 creatures vanquished.

Vanquished Creatures (others)
  2 fungi (D:1)
  9 plants
11 creatures vanquished.

Grand Total: 149 creatures vanquished

Notes
Turn   | Place    | Note
-------+----------+-------------------------------------------
     0 | D:1      | sanboga the Troll Berserker began the quest for the Orb.
     0 | D:1      | Reached XP level 1. HP: 22/22 MP: 0/0
   104 | D:1      | Found a faded altar of an unknown god.
   112 | D:1      | Reached XP level 2. HP: 19/29 MP: 1/1
   246 | D:1      | Reached XP level 3. HP: 36/36 MP: 2/2
   751 | D:2      | Reached ** piety under Trog
   858 | D:2      | Noticed Sigmund
   875 | D:2      | Killed Sigmund
   876 | D:2      | Reached skill level 1 in Stealth
   876 | D:2      | Reached skill level 4 in Unarmed Combat
   876 | D:2      | Reached XP level 4. HP: 22/45 MP: 3/3
   876 | D:2      | Reached XP level 5. HP: 26/53 MP: 4/4
  1558 | D:3      | Found a large runed translucent door.
  1558 | D:3      | Found a large runed translucent door.
  1566 | D:3      | Noticed Pug's ghost (amateur GnWn)
  1579 | D:3      | Killed Pug's ghost
  1580 | D:3      | Reached XP level 6. HP: 61/61 MP: 5/5
  1655 | D:3      | Reached skill level 5 in Unarmed Combat
  1821 | D:3      | Noticed Terence
  1827 | D:3      | Killed Terence
  2173 | D:3      | Reached *** piety under Trog
  2566 | D:4      | Found a runed translucent gate.
  2567 | D:4      | Found a runed translucent gate.
  2567 | D:4      | Found a runed translucent gate.
  2569 | D:4      | Noticed Icepheonix32's ghost (amateur OpTm)
  2570 | D:4      | Noticed Icepheonix32's ghost (amateur OpTm)
  2620 | D:4      | Reached XP level 7. HP: 61/68 MP: 6/6
  2730 | D:4      | Noticed Eustachio
  2753 | D:4      | Killed Eustachio
  2875 | D:4      | Noticed Natasha
  2882 | D:4      | Killed Natasha
  3135 | D:4      | Noticed Natasha
  3140 | D:4      | Killed Natasha
  3141 | D:4      | Reached skill level 6 in Unarmed Combat
  3148 | D:4      | Noticed Natasha
  3156 | D:4      | Killed Natasha
  3334 | D:4      | Killed Icepheonix32's ghost
  3335 | D:4      | Killed Icepheonix32's ghost
  3411 | D:5      | Entered Level 5 of the Dungeon
  3438 | D:5      | Found a staircase to the Ecumenical Temple.
  3468 | D:5      | Reached XP level 8. HP: 66/78 MP: 7/7
  3577 | D:5      | Reached skill level 7 in Unarmed Combat
  3939 | D:5      | Found a runed translucent door.
  3940 | D:5      | Noticed Crazy Yiuf
  4278 | D:5      | Killed Crazy Yiuf
  4332 | D:6      | Found a glowing golden altar of the Shining One.
  4569 | D:6      | Found a transporter.
  4608 | D:6      | Noticed a green ugly thing
  4619 | D:6      | Noticed LustLizard's ghost (amateur TrFi)
  4648 | D:6      | Reached skill level 5 in Dodging
  4656 | D:6      | Reached skill level 8 in Unarmed Combat
  4713 | D:6      | Found a transporter.
  4961 | D:6      | Reached skill level 5 in Fighting
  4972 | D:6      | Reached XP level 9. HP: 80/88 MP: 8/8
  5068 | D:6      | Reached **** piety under Trog
  5335 | D:7      | Noticed a cyclops
  5345 | D:7      | Killed a cyclops
  5511 | D:7      | Slain by an acid dragon

Illustrated notes

Levels and vault maps discovered:
D:1:      lemuel_arrival_muddy, layout_basic,
          shapermc_ecumenical_altar_acropolis, nicolae_kite_square_tiling_tiny,
          serial_bayou_ford_a
D:2:      layout_basic, uniq_sigmund
D:3:      minmay_bubble_buster, layout_basic, ebering_ghost_disaster_area,
          kennysheep_another_room, minivault_14, uniq_terence
D:4:      layout_loops_ring, gammafunk_ghost_cemetery, amethyst_killhole,
          hex_large, abandoned_shop, uniq_eustachio, uniq_natasha
D:5:      layout_loops_ring, temple_doors_e, chequers_big_river,
          uniq_crazy_yiuf_cottage
D:6:      layout_basic, nicolae_overflow_crystal_walls,
          gammafunk_ghost_abyssal_escape
D:7:      layout_loops_ring, biasface_ghost_orc_armoury

Skill      XL: |  1  2  3  4  5  6  7  8 |
---------------+-------------------------+-----
Fighting       | 3 4 5 |  5.3
Dodging        | 3 4 5 |  5.4
Stealth        | 1 2 3 |  3.3
Unarmed Combat | 4 5 6 8 |  8.7

Action                   |  1- 3 |  4- 6 |  7- 9 || total
-------------------------+-------+-------+-------++-------
Melee: Unarmed           |    86 |   106 |   189 ||   381
       Punch             |     4 |     5 |     5 ||    14
Invok: Berserk           |     1 |       |     1 ||     2
  Use: Scroll            |       |       |     4 ||     4
 Stab: Sleeping          |       |     4 |     3 ||     7
Armor: Animal skin       |    29 |       |       ||    29
       Robe              |     5 |    38 |    39 ||    82
Dodge: Dodged            |    52 |    47 |    73 ||   172
